AoeStats
← Nargaburzum

Arena

509291753Analyzed
4v4 RM · 7d ago on Sep 26, 2026· 60m 25s· 8 players
Game mode
Random Map
Map size
Large (8 player)
Population
200
Speed
Normal
Resources
Standard
Victory
Conquest
Starting age
Dark Age
Ending age
Imperial Age
RankedLock teamsTeams togetherTeam positionsShared explorationLock speedFull tech treeHidden civsTurbo modeCheats
Victory
Defeat
🇮🇳 Hindustanis · India
1288
+14
🇬🇹 Dravidians · Guatemala
1286
+14
🇲🇽 Italians · Mexico
1234
+16
🇨🇳 Franks · China
1163
+19
🇭🇰 Saxons · Hong Kong SAR China
1327
-19
🇭🇰 Danes · Hong Kong SAR China
1300
-18
🇦🇺 Khmer · Australia
1192
-14
🇹🇼 Aztecs · Taiwan
1135
-12
Nargaburzum
10:04 Feudal Age
10:39 Loom
13:58 Castle Age
12:06 Double-Bit Axe
15:59 Fletching
16:54 Bow Saw
20:57 Bodkin Arrow
21:11 Gold Mining
28:32 Imperial Age
26:35 Ballistics
27:02 Padded Archer Armor
30:17 Chemistry
29:27 Bracer
35:49 Leather Archer Armor
37:12 Wheelbarrow
37:30 Conscription
40:13 Elite Genoese Crossbowman
42:27 Thumb Ring
42:41 Light Cavalry
45:15 Ring Archer Armor
46:42 Scale Barding Armor
46:48 Forging
47:11 Bloodlines
47:01 Husbandry
47:31 Hand Cart
48:20 Chain Barding Armor
53:59 Plate Barding Armor
53:59 Iron Casting
54:14 Cavalier
60:16 Treadmill Crane
nikhdy
10:36 Feudal Age
14:20 Castle Age
12:58 Double-Bit Axe
15:15 Horse Collar
17:59 Wheelbarrow
17:53 Bow Saw
19:04 Stone Mining
19:04 Gold Mining
23:22 Scale Barding Armor
23:28 Forging
28:46 Imperial Age
27:44 Chain Barding Armor
28:10 Coinage
28:20 Hand Cart
30:33 Chemistry
31:35 Gold Shaft Mining
37:05 Two-Man Saw
36:07 Heavy Plow
36:40 Husbandry
36:50 Bloodlines
36:01 Light Cavalry
38:36 Plate Barding Armor
39:17 Iron Casting
39:34 Hussar
40:48 Heavy Camel Rider
43:03 Imperial Camel Rider
53:37 Blast Furnace
59:02 Stone Shaft Mining
Damian_JM
11:00 Feudal Age
14:42 Castle Age
13:08 Double-Bit Axe
13:34 Horse Collar
15:38 Bow Saw
20:54 Loom
22:40 Heavy Plow
24:17 Gold Mining
25:57 Wheelbarrow
28:53 Imperial Age
27:34 Scale Mail Armor
28:19 Forging
28:47 Stone Mining
28:59 Elite Urumi Swordsman
29:56 Chain Mail Armor
30:10 Conscription
31:08 Iron Casting
31:23 Wootz Steel
32:56 Gambesons
33:11 Squires
32:58 Arson
34:38 Plate Mail Armor
35:08 Blast Furnace
39:17 Chemistry
38:38 Ballistics
40:29 Blast Furnace
40:56 Fletching
41:40 Bodkin Arrow
41:13 Elite Skirmisher
42:00 Thumb Ring
42:39 Bracer
43:20 Padded Archer Armor
42:47 Elite Elephant Archer
44:35 Leather Archer Armor
49:35 Ring Archer Armor
55:18 Hand Cart
xygogo
10:42 Feudal Age
11:43 Double-Bit Axe
13:10 Wheelbarrow
15:43 Castle Age
29:25 Wheelbarrow
42:33 Gold Mining
46:27 Imperial Age
48:27 Conscription
48:40 Stone Mining
50:27 Forging
51:57 Iron Casting
51:51 Bow Saw
51:59 Hand Cart
53:59 Cavalier
54:56 Chivalry
54:59 Husbandry
55:16 Paladin
57:51 Scale Barding Armor
59:32 Chain Barding Armor
60:58 Plate Barding Armor
Goldy
10:53 Feudal Age
12:57 Double-Bit Axe
15:23 Castle Age
13:17 Horse Collar
15:23 Gold Mining
17:02 Bow Saw
19:46 Gold Shaft Mining
19:19 Loom
19:20 Town Watch
27:45 Heavy Plow
28:47 Wheelbarrow
31:27 Imperial Age
30:10 Stone Mining
31:12 Ballistics
31:31 Heavy Scorpion
32:58 Stone Shaft Mining
33:21 Scale Barding Armor
33:26 Forging
32:55 Onager
35:32 Light Cavalry
36:46 Bloodlines
36:36 Husbandry
37:31 Chain Barding Armor
40:19 Iron Casting
41:27 Siege Engineers
45:08 Double Crossbow
47:05 Hussar
49:00 Plate Barding Armor
49:15 Wheelbarrow
3HK
10:50 Feudal Age
12:17 Double-Bit Axe
14:49 Castle Age
12:36 Loom
15:38 Fletching
16:06 Bow Saw
16:16 Bodkin Arrow
17:26 Horse Collar
18:25 Stone Mining
18:28 Gold Mining
22:36 Town Watch
27:35 Imperial Age
26:40 Wheelbarrow
26:41 Scale Mail Armor
27:42 Gold Shaft Mining
27:45 Squires
28:54 Chain Mail Armor
28:45 Bracer
30:28 Chain Mail Armor
30:24 Forging
31:13 Conscription
32:11 Plate Mail Armor
33:02 Shield Wall
34:28 Iron Casting
34:23 Arson
36:07 Masonry
36:39 Padded Archer Armor
37:42 Chemistry
37:15 Ballistics
36:18 Cranequins
38:17 Chemistry
37:38 Leather Archer Armor
38:08 Bloodlines
37:59 Husbandry
38:12 Thumb Ring
39:04 Ring Archer Armor
40:17 Architecture
41:14 Hand Cart
42:31 Heavy Mounted Crossbowman
47:14 Siege Engineers
47:31 Stone Mining
福
9:17 Loom
11:56 Feudal Age
15:51 Castle Age
13:40 Double-Bit Axe
16:09 Wheelbarrow
17:33 Bow Saw
21:28 Treadmill Crane
26:26 Scale Mail Armor
26:17 Horse Collar
31:05 Imperial Age
30:44 Chain Mail Armor
30:33 Gold Mining
32:28 Garland Wars
33:08 Gold Shaft Mining
32:38 Heavy Plow
34:36 Atlatl
35:40 Ballistics
35:12 Fletching
35:58 Plate Mail Armor
35:04 Elite Skirmisher
36:28 Conscription
36:19 Squires
35:52 Pikeman
35:56 Elite Jaguar Warrior
37:44 Chemistry
38:03 Bodkin Arrow
38:14 Eagle Warrior
41:04 Siege Engineers
40:55 Murder Holes
41:12 Fortified Wall
44:34 Bracer
51:41 Hand Cart
56:08 Forging
56:31 Gambesons
56:06 Man-at-Arms
56:55 Long Swordsman
57:34 Two-Handed Swordsman
58:09 Champion
Theodore
10:43 Feudal Age
11:55 Double-Bit Axe
12:03 Horse Collar
14:35 Castle Age
14:12 Loom
16:20 Forging
16:20 Arson
22:31 Squires
22:51 Town Watch
24:34 Iron Casting
26:08 Wheelbarrow
27:33 Wheelbarrow
27:49 Bow Saw
30:17 Imperial Age
29:27 Scale Mail Armor
30:17 Iron Casting
29:51 Gold Mining
30:34 Chain Mail Armor
31:33 Gold Shaft Mining
30:48 Stone Mining
31:00 Elite Varangian Guard
31:01 Pikeman
32:58 Plate Mail Armor
33:29 Blast Furnace
35:12 Blast Furnace
35:46 Fletching
36:51 Careening
37:18 Murder Holes
37:20 Bodkin Arrow
36:55 Hamask
38:32 Conscription
39:57 Heavy Plow
40:17 Bracer
40:15 Man-at-Arms
43:27 Siege Engineers
44:02 Capped Ram
46:33 Siege Ram
Connection lost

Rejoining the realm…

Still unreachable

The connection could not be restored.

Session expired

The server has moved on; the page needs a fresh start.